 Dungeon Crawl Stone Soup version 0.32-a0-468-g38b2580584 (webtiles) character file.

Game seed: 17914856181066291179

72 CougarLife the Digger (level 4, 0/24 HPs)
             Began as a Gargoyle Earth Elementalist on Feb 25, 2024.
             Was a Follower of Vehumet.
             Killed from afar by Natasha (10 damage)
             ... with a magic dart
             ... on level 3 of the Dungeon.
             The game lasted 00:01:54 (1772 turns).

CougarLife the Digger (Gargoyle Earth Elementalist) Turns: 1772, Time: 00:01:55

Health: 0/24       AC:  5    Str: 11    XL:     4   Next: 25%
Magic:  8/8        EV: 11    Int: 18    God:    Vehumet [*.....]
Gold:   95         SH:  0    Dex: 10    Spells: 7/8 levels left

rFire   . . .        e - +0 dagger
rCold   . . .        (no shield)
rNeg    + . .        a - +0 robe
rPois   ∞            (no helmet)
rElec   +            (no cloak)
rCorr   .            (no gloves)
SInv    .            (no boots)
Will    .....        (no amulet)
Stlth   ++           (no ring)
HPRegen 0.24/turn    (no ring)
MPRegen 0.11/turn

%: no passive effects
@: no status effects
A: sickness immunity, AC +3, negative energy resistance 1, electricity
resistance, torment resistance 1, petrification resistance
a: Renounce Religion


You were on level 3 of the Dungeon.
You worshipped Vehumet.
Vehumet was aware of your devotion.
You visited 1 branch of the dungeon, and saw 3 of its levels.

You collected 121 gold pieces.
You spent 26 gold pieces at shops.

Inventory:

Hand Weapons
 e - a +0 dagger (weapon)
Armour
 a - a +0 robe (worn)
Scrolls
 f - 2 scrolls of identify
 g - a scroll of vulnerability {unknown}
 h - a scroll of teleportation {unknown}
 k - a scroll of noise {unknown}
Potions
 b - a potion of magic
 c - a potion of might
 d - a potion of degeneration {unknown}
 i - a potion of curing {unknown}
 j - a potion of heal wounds {unknown}


   Skills:
 - Level 1.5 Dodging
 - Level 2.1 Stealth
 + Level 2.9 Spellcasting
 + Level 2.5 Conjurations
 + Level 4.5 Earth Magic


You had 7 spell levels left.
You knew the following spells:

 Your Spells              Type           Power      Damage    Failure   Level
a - Sandblast             Erth           36%        2d10      2%          1

Your spell library contained the following spells:

 Spells                   Type           Power      Damage    Failure   Level
 Foxfire                  Conj/Fire      28%        2x1d5     10%         1
 Passwall                 Erth           18%        N/A       8%          3
 Stone Arrow              Conj/Erth      30%        3d8       12%         3
 Brom's Barrelling Bould  Conj/Erth      15%        2d4       36%         4
 Tukima's Dance           Hex            2%         N/A       45%         3
 Petrify                  Alch/Erth      10%        N/A       54%         4
 Passage of Golubria      Tloc           2%         N/A       86%         4
 Yara's Violent Unravell  Hex/Alch       1%         3d3       99%         5


Dungeon Overview and Level Annotations

Branches:
Dungeon (3/15)

Altars:
Vehumet
The Shining One

Shops:
D:1 ?

Annotations:
D:3 Grinder, Natasha


Innate Abilities, Weirdness & Mutations

You are immune to sickness and miasma.
Your stone body is resilient. (AC +3)
You are immune to poison.
You resist negative energy. (rN+)
You are resistant to electric shocks. (rElec)
You are resistant to unholy torment.
You are immune to petrification.


Message History

Natasha claws you but does no damage.
The kobold shouts!
The cerulean imp attacks as it pursues you!
The cerulean imp misses you.
Natasha stares at you and mumbles some strange words.
You feel yourself slow down.
There is a stone staircase leading down here.
The cerulean imp attacks as it pursues you!
The cerulean imp barely misses you.
The cerulean imp hits you from afar with a +2 spear.
Grinder blinks!
Natasha casts a spell.
Natasha mumbles some strange words.
The cerulean imp hits you from afar with a +2 spear.
The cerulean imp hits you but does no damage.
Grinder grins, showing sharp teeth.
The cerulean imp hits you from afar with a +2 spear.
The cerulean imp attacks as it pursues you!
The cerulean imp barely misses you.
The cerulean imp attacks as it pursues you!
The cerulean imp hits you from afar with a +2 spear. x2
Grinder says, "Tell me all your secrets, or I'll kill you."
The cerulean imp hits you but does no damage.
Natasha stares at you and mumbles some strange words.
You resist with some effort. The cerulean imp barely misses you.
The cerulean imp attacks as it pursues you!
The cerulean imp closely misses you.
The cerulean imp hits you from afar with a +2 spear.
Grinder blinks!
You see here a hobgoblin corpse.
You feel yourself speed up.
The cerulean imp disappears in a puff of smoke!
Grinder blinks!
Natasha mumbles some strange words.
Natasha glows brightly for a moment.
Natasha casts a spell at you. The magic dart hits you!
You die...
Natasha curls up and begins to purr.

### #<# .
########.####....
#§@..............
##h######.........
#######..#
#####.####
#......§## ..
#....55## .#
#.....## # ####..#
#r## #.#


You could see Grinder, Natasha, a cerulean imp (summoned) and a rat.

Vanquished Creatures
  Jessica (D:2)
  A gnoll (D:1)
  7 ball pythons
  5 endoplasms
  A giant cockroach (D:1)
  3 goblins
  2 hobgoblins
  3 jackals (D:1)
  A quokka (D:1)
  2 bats
  A frilled lizard (D:1)
  3 kobolds
  4 rats
34 creatures vanquished.

Notes
Turn   | Place    | Note
-------+----------+-------------------------------------------
     0 | D:1      | CougarLife the Gargoyle Earth Elementalist began the quest
                  | for the Orb.
     0 | D:1      | Reached XP level 1. HP: 10/10 MP: 3/3
   185 | D:1      | Reached XP level 2. HP: 15/15 MP: 0/5
   406 | D:1      | Reached skill level 4 in Earth Magic
   550 | D:1      | Found Ogatyuwk's Magic Scroll Shop.
   600 | D:1      | Bought a scroll of identify for 26 gold pieces
   663 | D:1      | Reached XP level 3. HP: 19/19 MP: 1/6
   985 | D:2      | Found a faded altar of an unknown god.
   989 | D:2      | Prayed at the altar of an unknown god.
   989 | D:2      | Became a worshipper of Vehumet
   989 | D:2      | Reached * piety under Vehumet
   989 | D:2      | Offered knowledge of Foxfire by Vehumet.
  1129 | D:2      | Found a glowing golden altar of the Shining One.
  1157 | D:2      | Noticed Jessica
  1160 | D:2      | Killed Jessica
  1161 | D:2      | Reached XP level 4. HP: 17/24 MP: 4/8
  1756 | D:3      | Noticed Natasha
  1757 | D:3      | Noticed Grinder
  1772 | D:3      | Killed from afar by Natasha

Illustrated notes

Levels and vault maps discovered:
D:1:      nicolae_arrival_washed_ashore, layout_rooms, serial_shops,
          nicolae_square_shop, grunt_decor_junction
D:2:      layout_basic, basic_altar, nicolae_ecumenical_pavilion, uniq_jessica
D:3:      layout_basic, uniq_natasha, uniq_grinder

Skill      XL: |  1  2  3 |
---------------+----------+-----
Earth Magic    | 4 |  4.5
Conjurations   | 2 |  2.5
Dodging        | |  1.5
Stealth        | |  2.1
Spellcasting   | |  2.9

Action                     |  1- 3 |  4- 6 || total
---------------------------+-------+-------++-------
  Melee: Unarmed           |    17 |       ||    17
   Cast: Sandblast         |    44 |     7 ||    51
    Use: Scroll            |     1 |       ||     1
 Armour: Robe              |    30 |    10 ||    40
  Dodge: Dodged            |    34 |     5 ||    39

Table legend: (Time is in decaauts)
 A = Elapsed time spent in this place.
 B = Non-inter-level travel time spent in this place.
 C = Inter-level travel time spent in this place.
 D = Time resting spent in this place.
 E = Time spent auto-exploring this place.
 F = Levels seen in this place.
 G = Mean time per level.
                   A        B        C        D        E       F      G
               +--------+--------+--------+--------+--------+-----+--------+
         Total |   1802 |   1742 |     60 |     54 |   1442 |   3 |  600.7 |
       Dungeon |   1802 |   1742 |     60 |     54 |   1442 |   3 |  600.7 |
               +--------+--------+--------+--------+--------+-----+--------+

Top non-repeatable levels by time:
     D:1: 1003 daAuts
     D:2: 750 daAuts
     D:3: 48 daAuts
